 Dungeon Crawl Stone Soup version 0.29.1-1-gd02db6906a (webtiles) character file.

Game seed: 11213982993170118883

128 MisterFreud the Covert (level 5, -3/47 HPs)
             Began as a Gnoll Delver on Oct 7, 2022.
             Succumbed to a water moccasin's poison
             ... in a sewer.
             The game lasted 00:01:30 (268 turns).

MisterFreud the Covert (Gnoll Delver)                Turns: 268, Time: 00:01:30

Health: -3/47      AC:  3    Str: 12    XL:     5   Next: 12%
Magic:  7/7        EV: 13    Int: 11    God:
Gold:   2          SH:  0    Dex: 13    Spells: 6/6 levels left

rFire   + . .      SeeInvis .   a - +0 short sword
rCold   + . .      Faith    .   (no shield)
rNeg    . . .      Spirit   .   b - +0 leather armour
rPois   +          Reflect  .   (no helmet)
rElec   +          Harm     .   (no cloak)
rCorr   +          Rampage  .   (no gloves)
Will    .....                   (no boots)
Stlth   ++++......              (no amulet)
HPRegen 0.15/turn               (no ring)
MPRegen 0.10/turn               (no ring)

@: lethally poisoned (-3 -> -18), resistant
A: fangs 1, strong nose, distributed training
a: no special abilities


You were in a sewer.
You visited 1 branch of the dungeon, and saw 3 of its levels.
You also visited: Sewer.

You collected 2 gold pieces.

Inventory:

Hand Weapons
 a - a +0 short sword (weapon)
Missiles
 h - 5 poisoned darts (quivered)
Armour
 b - a +0 leather armour (worn)
Wands
 g - a wand of digging (3)
Scrolls
 c - a scroll of fog
 d - 2 scrolls of magic mapping
Potions
 f - a potion of haste


   Skills:
 + Level 6.7 Fighting
 + Level 4.7 Short Blades
 + Level 1.4 Long Blades
 + Level 1.4 Axes
 + Level 1.4 Maces & Flails
 + Level 1.4 Polearms
 + Level 1.4 Staves
 + Level 1.4 Ranged Weapons
 + Level 1.4 Throwing
 + Level 1.4 Armour
 + Level 4.7 Dodging
 + Level 9.7 Stealth
 + Level 1.4 Shields
 + Level 1.4 Unarmed Combat
 + Level 1.4 Spellcasting
 + Level 1.1 Conjurations
 + Level 1.1 Hexes
 + Level 1.1 Summonings
 + Level 1.1 Necromancy
 + Level 1.1 Translocations
 + Level 1.1 Transmutations
 + Level 1.1 Fire Magic
 + Level 1.1 Ice Magic
 + Level 1.1 Air Magic
 + Level 1.1 Earth Magic
 + Level 1.1 Poison Magic
 + Level 1.6 Invocations
 + Level 1.4 Evocations


You had 6 spell levels left.
You didn't know any spells.
Your spell library was empty.

Dungeon Overview and Level Annotations

Branches:
Dungeon (6/15)              Sewer (1/1)
 Temple: D:4-7

Altars:

Annotations:
D:5 Eustachio


Innate Abilities, Weirdness & Mutations

You have very sharp teeth.
Your uncanny sense of smell can sniff out nearby items.
Your experience applies equally to all skills.


Message History

The water moccasin poisons you! The water moccasin bites you.
You are lethally poisoned!
The water moccasin poisons you!
Unknown command.
You feel much better.
You feel very sick.
The water moccasin completely misses you.
You hit the water moccasin but do no damage.
The water moccasin is lightly wounded.
You feel very sick.
The water moccasin bites you but does no damage.
You hit the water moccasin.
The water moccasin is lightly wounded.
You feel very sick. The water moccasin bites you. The water moccasin bites you!
* * * LOW HITPOINT WARNING * * *
You closely miss the water moccasin. Your bite misses the water moccasin.
The water moccasin is lightly wounded.
* * * LOW HITPOINT WARNING * * *
You feel sick. The water moccasin bites you.
* * * LOW HITPOINT WARNING * * *
You are more poisoned.
The water moccasin poisons you!
Unknown command.
Unknown command.
Unknown command.
You closely miss the water moccasin. Your bite misses the water moccasin.
The water moccasin is lightly wounded.
* * * LOW HITPOINT WARNING * * *
You feel very sick. The water moccasin barely misses you.
You hit the water moccasin but do no damage.
The water moccasin is lightly wounded.
* * * LOW HITPOINT WARNING * * *
You feel very sick. The water moccasin misses you.
Unknown command.
Unknown command.
Unknown command.
You die...

###### ##
##....~.## #!!
###... .~~~.##
#(.##~..~ #.~~~.
###..~~~# #...
#.~~~..## ##.~
###..~~.### ###~..
#.S##.....####...~.
#.@####....~...~.##
#### ###.~....###
########


You could see a water moccasin.

Vanquished Creatures
  A water moccasin (D:5)
  An adder (D:4)
  A ball python (D:4)
  An endoplasm (D:4)
  5 jackals (Sewer)
9 creatures vanquished.

Notes
Turn   | Place    | Note
-------+----------+-------------------------------------------
     0 | D:5      | Reached skill level 9 in Stealth
     0 | D:5      | MisterFreud the Gnoll Delver began the quest for the Orb.
     0 | D:5      | Reached XP level 1. HP: 23/23 MP: 1/1
    14 | D:5      | Noticed a water moccasin
    16 | D:5      | Noticed Eustachio
    22 | D:5      | Killed a water moccasin
    23 | D:5      | Reached skill level 1 in Long Blades
    23 | D:5      | Reached skill level 1 in Axes
    23 | D:5      | Reached skill level 1 in Maces & Flails
    23 | D:5      | Reached skill level 1 in Polearms
    23 | D:5      | Reached skill level 1 in Staves
    23 | D:5      | Reached skill level 1 in Ranged Weapons
    23 | D:5      | Reached skill level 1 in Throwing
    23 | D:5      | Reached skill level 1 in Armour
    23 | D:5      | Reached skill level 1 in Shields
    23 | D:5      | Reached skill level 1 in Unarmed Combat
    23 | D:5      | Reached skill level 1 in Spellcasting
    23 | D:5      | Reached skill level 1 in Conjurations
    23 | D:5      | Reached skill level 1 in Hexes
    23 | D:5      | Reached skill level 1 in Summonings
    23 | D:5      | Reached skill level 1 in Necromancy
    23 | D:5      | Reached skill level 1 in Translocations
    23 | D:5      | Reached skill level 1 in Transmutations
    23 | D:5      | Reached skill level 1 in Fire Magic
    23 | D:5      | Reached skill level 1 in Ice Magic
    23 | D:5      | Reached skill level 1 in Air Magic
    23 | D:5      | Reached skill level 1 in Earth Magic
    23 | D:5      | Reached skill level 1 in Poison Magic
    23 | D:5      | Reached skill level 1 in Invocations
    23 | D:5      | Reached skill level 1 in Evocations
    23 | D:5      | Reached XP level 2. HP: 29/29 MP: 2/4
    23 | D:5      | Reached XP level 3. HP: 35/35 MP: 2/5
    23 | D:5      | Reached XP level 4. HP: 41/41 MP: 2/6
   123 | D:4      | Found a glowing drain.
   129 | D:4      | Reached XP level 5. HP: 47/47 MP: 7/7
   133 | Sewer    | Entered a sewer
   211 | Sewer    | Noticed a water moccasin
   267 | Sewer    | HP: 1/47 [poisoned by a water moccasin]
   268 | Sewer    | Succumbed to a water moccasin's poison

Illustrated notes

Levels and vault maps discovered:
D:4:      cheibrodos_barr_body, layout_rooms, serial_shops,
          nicolae_shop_advertising_works [nicolae_subvault_shop_adworks],
          portal_sewer_entry_d, grunt_decor_arrowhead, uniq_menkaure
D:5:      layout_rooms, mainiacjoe_overflow_surrounded_room,
          kennysheep_pointless_box, uniq_eustachio
D:6:      layout_loops_corners, mainiacjoe_overflow_concentric_impassable,
          grunt_decor_mini_mirrors, hangedman_abyss_or_decor_stabs
Sewer:    sewer_the_moccasin

Skill      XL: |  1 |
---------------+----+-----
Stealth        | |  9.7
Long Blades    | 1 |  1.4
Axes           | 1 |  1.4
Maces & Flails | 1 |  1.4
Polearms       | 1 |  1.4
Staves         | 1 |  1.4
Ranged Weapons | 1 |  1.4
Throwing       | 1 |  1.4
Armour         | 1 |  1.4
Shields        | 1 |  1.4
Unarmed Combat | 1 |  1.4
Spellcasting   | 1 |  1.4
Conjurations   | 1 |  1.1
Hexes          | 1 |  1.1
Summonings     | 1 |  1.1
Necromancy     | 1 |  1.1
Translocations | 1 |  1.1
Transmutations | 1 |  1.1
Fire Magic     | 1 |  1.1
Ice Magic      | 1 |  1.1
Air Magic      | 1 |  1.1
Earth Magic    | 1 |  1.1
Poison Magic   | 1 |  1.1
Invocations    | 1 |  1.6
Evocations     | 1 |  1.4
Fighting       | |  6.7
Short Blades   | |  4.7
Dodging        | |  4.7

Action                   |  1- 3 |  4- 6 || total
-------------------------+-------+-------++-------
Melee: Short sword       |     1 |    41 ||    42
       Punch             |       |     2 ||     2
       Bite              |       |     1 ||     1
  Use: Potion            |       |     4 ||     4
       Scroll            |       |     2 ||     2
 Stab: Sleeping          |     1 |     4 ||     5
Armor: Leather armour    |       |     5 ||     5
Dodge: Dodged            |       |    21 ||    21
